2851 views
Uploaded 2020-02-28 17:14:25
Game version 1.32.2
30:21 long 4on4 ladder game on (8)GolemsInTheMist_LV
Saved by BEARAND
2851 views
Uploaded 2020-02-28 17:14:25
Game version 1.32.2
30:21 long 4on4 ladder game on (8)GolemsInTheMist_LV


99 units @ 11.2k
/ 1.4k
307 buildings @ 20.6k
/ 11.2k



| Lesser Clarity Potion | 4 | 280 |
| Sacrificial Skull | 4 | 200 |
| Orb of Corruption | 3 | 1125 |
| Boots of Speed | 3 | 750 |
| Staff of Teleportation | 3 | 450 |
| Circlet of Nobility | 2 | 350 |
| Healing Salve | 4 | 400 |
| Scroll of Speed | 1 | 50 |
| total: | 24 | 3605g |
| Acolyte | 7 | 525 | / | 0 |
| Ghoul | 7 | 840 | / | 0 |
| Obsidian Statue | 4 | 800 | / | 140 |
| Goblin Zeppelin | 2 | 480 | / | 120 |
| total: | 20 | 2645g | / | 260w |
| Nerubian Tower | 1 | 100 | / | 20 |
| Spirit Tower | 2 | 290 | / | 80 |
| Crypt | 1 | 200 | / | 50 |
| Altar of Darkness | 1 | 180 | / | 50 |
| Ziggurat | 4 | 600 | / | 200 |
| Graveyard | 1 | 215 | / | 0 |
| Tomb of Relics | 6 | 780 | / | 180 |
| Slaughterhouse | 1 | 140 | / | 135 |
| Halls of the Dead | 1 | 320 | / | 210 |
| Black Citadel | 1 | 325 | / | 230 |
| total: | 14 | 2115g | / | 615w |
| 0:55 | Acolyte |
| 1:00 | Crypt |
| 1:07 | Acolyte |
| 1:22 | Altar of Darkness |
| 1:25 | Ziggurat |
| 2:04 | Ghoul |
| 2:23 | Ghoul |
| 2:47 | Ghoul |
| 3:10 | Ghoul |
| 3:29 | Ziggurat |
| 3:30 | Death Coil |
| 4:30 | Ghoul |
| 4:36 | Graveyard |
| 4:38 | Nerubian Tower |
| 5:17 | Tomb of Relics |
| 5:38 | Ghoul |
| 5:38 | Ghoul |
| 5:40 | Healing Salve |
| 5:41 | Lesser Clarity Potion |
| 5:41 | Scroll of Speed |
| 5:42 | Healing Salve |
| 6:58 | Lesser Clarity Potion |
| 7:14 | Unholy Aura |
| 7:35 | Halls of the Dead |
| 8:14 | Spirit Tower |
| 8:24 | Healing Salve |
| 8:24 | Healing Salve |
| 8:24 | Lesser Clarity Potion |
| 8:27 | Lesser Clarity Potion |
| 8:52 | Sacrificial Skull |
| 8:52 | Sacrificial Skull |
| 9:10 | Ziggurat |
| 9:26 | Tomb of Relics |
| 9:41 | Tomb of Relics |
| 10:11 | Boots of Speed |
| 10:11 | Staff of Teleportation |
| 11:03 | Black Citadel |
| 11:08 | Spirit Tower |
| 11:29 | Goblin Zeppelin |
| 11:42 | Frost Nova |
| 12:26 | Sacrificial Skull |
| 12:26 | Sacrificial Skull |
| 13:02 | Frost Armor |
| 13:27 | Tomb of Relics |
| 13:43 | Acolyte |
| 14:23 | Slaughterhouse |
| 14:27 | Acolyte |
| 14:37 | Impale |
| 14:42 | Tomb of Relics |
| 14:52 | Tomb of Relics |
| 14:58 | Boots of Speed |
| 14:59 | Staff of Teleportation |
| 14:59 | Circlet of Nobility |
| 15:09 | Boots of Speed |
| 15:22 | Death Coil |
| 15:57 | Orb of Corruption |
| 16:06 | Acolyte |
| 16:43 | Acolyte |
| 16:44 | Acolyte |
| 18:04 | Ziggurat |
| 18:13 | Orb of Corruption |
| 18:33 | Orb of Corruption |
| 19:14 | Circlet of Nobility |
| 19:17 | Staff of Teleportation |
| 19:22 | Goblin Zeppelin |
| 20:06 | Obsidian Statue |
| 20:09 | Obsidian Statue |
| 21:22 | Spiked Carapace |
| 21:41 | Frost Nova |
| 23:49 | Unholy Aura |
| 25:05 | Impale |
| 27:55 | Obsidian Statue |
| 27:55 | Obsidian Statue |
| Right click | 1641 |
| Select group | 681 |
| Assign group | 393 |
| Select | 364 |
| Resource trade | 164 |
| Use ability | 115 |
| Build/train/purchase | 112 |
| Misc. action | 40 |
| Chat | 39 |
| Item give/drop | 3 |
| Minimap ping | 3 |
| Remove unit | 1 |



| Lesser Clarity Potion | 1 | 70 |
| Staff of Sanctuary | 3 | 750 |
| Boots of Speed | 3 | 750 |
| Staff of Teleportation | 3 | 450 |
| Periapt of Vitality | 1 | 325 |
| Circlet of Nobility | 1 | 175 |
| Healing Salve | 4 | 400 |
| Orb of Corruption | 2 | 750 |
| total: | 18 | 3670g |
| Peasant | 18 | 1350 | / | 0 |
| Priest | 1 | 135 | / | 10 |
| Siege Engine | 6 | 1170 | / | 360 |
| Goblin Shredder | 1 | 375 | / | 100 |
| Goblin Zeppelin | 1 | 240 | / | 60 |
| total: | 27 | 3270g | / | 530w |
| Scout Tower | 83 | 2490 | / | 1660 |
| Arcane Tower | 6 | 420 | / | 300 |
| Guard Tower | 46 | 3220 | / | 2300 |
| Altar of Kings | 1 | 180 | / | 50 |
| Farm | 19 | 1520 | / | 380 |
| Lumber Mill | 1 | 120 | / | 0 |
| Town Hall | 2 | 770 | / | 410 |
| Arcane Vault | 4 | 520 | / | 120 |
| Blacksmith | 1 | 140 | / | 60 |
| Arcane Sanctum | 1 | 150 | / | 140 |
| Workshop | 6 | 840 | / | 840 |
| Keep | 1 | 320 | / | 210 |
| Castle | 1 | 360 | / | 210 |
| total: | 118 | 6730g | / | 3660w |
| 0:02 | Peasant |
| 0:02 | Peasant |
| 0:08 | Altar of Kings |
| 0:55 | Farm |
| 0:56 | Peasant |
| 1:04 | Peasant |
| 1:16 | Farm |
| 1:39 | Lumber Mill |
| 1:58 | Peasant |
| 2:19 | Scout Tower |
| 2:25 | Peasant |
| 2:25 | Peasant |
| 2:34 | Scout Tower |
| 2:38 | Scout Tower |
| 2:41 | Blizzard |
| 2:45 | Peasant |
| 2:45 | Peasant |
| 2:46 | Arcane Tower |
| 2:55 | Scout Tower |
| 2:59 | Scout Tower |
| 3:08 | Scout Tower |
| 3:09 | Scout Tower |
| 3:11 | Guard Tower |
| 3:28 | Guard Tower |
| 3:33 | Peasant |
| 3:33 | Peasant |
| 3:34 | Peasant |
| 3:34 | Peasant |
| 3:47 | Arcane Tower |
| 3:49 | Guard Tower |
| 3:50 | Scout Tower |
| 3:58 | Peasant |
| 4:01 | Guard Tower |
| 4:05 | Healing Salve |
| 4:12 | Guard Tower |
| 4:16 | Scout Tower |
| 4:23 | Scout Tower |
| 4:32 | Scout Tower |
| 4:38 | Guard Tower |
| 4:52 | Scout Tower |
| 4:55 | Guard Tower |
| 4:57 | Scout Tower |
| 4:58 | Guard Tower |
| 5:31 | Guard Tower |
| 5:36 | Keep |
| 5:45 | Scout Tower |
| 5:47 | Scout Tower |
| 6:08 | Scout Tower |
| 6:09 | Scout Tower |
| 6:12 | Farm |
| 6:13 | Improved Masonry |
| 6:21 | Healing Salve |
| 6:24 | Guard Tower |
| 6:24 | Guard Tower |
| 6:30 | Scout Tower |
| 6:32 | Scout Tower |
| 7:19 | Brilliance Aura |
| 7:24 | Arcane Tower |
| 7:27 | Scout Tower |
| 7:28 | Scout Tower |
| 7:29 | Scout Tower |
| 7:30 | Scout Tower |
| 7:34 | Farm |
| 7:39 | Healing Salve |
| 8:18 | Advanced Masonry |
| 8:18 | Improved Lumber Harvesting |
| 8:22 | Arcane Sanctum |
| 8:26 | Town Hall |
| 8:29 | Guard Tower |
| 8:31 | Scout Tower |
| 8:33 | Scout Tower |
| 8:53 | Guard Tower |
| 8:53 | Guard Tower |
| 9:14 | Storm Bolt |
| 9:27 | Guard Tower |
| 9:30 | Peasant |
| 9:30 | Peasant |
| 9:30 | Peasant |
| 9:30 | Peasant |
| 10:11 | Goblin Shredder |
| 10:21 | Goblin Zeppelin |
| 10:24 | Guard Tower |
| 10:35 | Guard Tower |
| 10:45 | Scout Tower |
| 11:05 | Guard Tower |
| 11:49 | Castle |
| 11:50 | Guard Tower |
| 11:55 | Healing Salve |
| 11:57 | Lesser Clarity Potion |
| 12:04 | Guard Tower |
| 12:11 | Scout Tower |
| 12:12 | Scout Tower |
| 12:12 | Scout Tower |
| 12:13 | Scout Tower |
| 12:16 | Guard Tower |
| 12:18 | Scout Tower |
| 12:19 | Scout Tower |
| 12:19 | Scout Tower |
| 12:20 | Scout Tower |
| 12:21 | Scout Tower |
| 12:22 | Scout Tower |
| 12:22 | Scout Tower |
| 12:22 | Scout Tower |
| 12:23 | Scout Tower |
| 12:23 | Scout Tower |
| 12:25 | Scout Tower |
| 12:25 | Scout Tower |
| 12:27 | Scout Tower |
| 12:27 | Scout Tower |
| 12:28 | Scout Tower |
| 12:28 | Scout Tower |
| 12:31 | Blizzard |
| 12:38 | Boots of Speed |
| 12:38 | Staff of Teleportation |
| 12:41 | Arcane Vault |
| 12:43 | Arcane Vault |
| 12:52 | Bash |
| 13:12 | Guard Tower |
| 13:20 | Boots of Speed |
| 13:35 | Scout Tower |
| 13:35 | Scout Tower |
| 13:42 | Guard Tower |
| 13:43 | Arcane Tower |
| 13:45 | Arcane Vault |
| 13:46 | Arcane Vault |
| 14:11 | Orb of Corruption |
| 14:24 | Guard Tower |
| 14:26 | Guard Tower |
| 14:29 | Guard Tower |
| 14:30 | Imbued Masonry |
| 14:46 | Guard Tower |
| 15:18 | Guard Tower |
| 15:20 | Scout Tower |
| 15:21 | Scout Tower |
| 15:21 | Scout Tower |
| 15:25 | Guard Tower |
| 15:27 | Holy Light |
| 15:32 | Staff of Sanctuary |
| 15:50 | Orb of Corruption |
| 15:54 | Magic Sentry |
| 15:55 | Priest |
| 15:58 | Staff of Sanctuary |
| 16:07 | Arcane Tower |
| 16:10 | Boots of Speed |
| 16:27 | Periapt of Vitality |
| 16:48 | Arcane Tower |
| 16:48 | Guard Tower |
| 16:50 | Guard Tower |
| 16:51 | Scout Tower |
| 16:52 | Scout Tower |
| 16:52 | Scout Tower |
| 16:53 | Scout Tower |
| 16:53 | Scout Tower |
| 17:00 | Staff of Teleportation |
| 17:01 | Staff of Teleportation |
| 17:01 | Circlet of Nobility |
| 18:15 | Guard Tower |
| 18:18 | Scout Tower |
| 18:19 | Scout Tower |
| 18:21 | Scout Tower |
| 18:23 | Scout Tower |
| 18:24 | Scout Tower |
| 18:25 | Scout Tower |
| 18:25 | Scout Tower |
| 18:26 | Scout Tower |
| 18:26 | Scout Tower |
| 18:29 | Scout Tower |
| 18:30 | Scout Tower |
| 18:30 | Scout Tower |
| 18:31 | Scout Tower |
| 18:31 | Scout Tower |
| 18:32 | Scout Tower |
| 18:49 | Staff of Sanctuary |
| 19:18 | Guard Tower |
| 19:19 | Guard Tower |
| 19:22 | Scout Tower |
| 19:23 | Scout Tower |
| 19:24 | Scout Tower |
| 19:54 | Storm Bolt |
| 20:48 | Guard Tower |
| 20:49 | Guard Tower |
| 20:52 | Scout Tower |
| 20:53 | Scout Tower |
| 20:54 | Scout Tower |
| 20:54 | Scout Tower |
| 20:55 | Scout Tower |
| 20:56 | Scout Tower |
| 20:58 | Guard Tower |
| 20:59 | Scout Tower |
| 20:59 | Scout Tower |
| 21:00 | Scout Tower |
| 23:10 | Brilliance Aura |
| 24:40 | Town Hall |
| 25:01 | Divine Shield |
| 25:16 | Guard Tower |
| 25:17 | Guard Tower |
| 25:52 | Guard Tower |
| 26:31 | Blacksmith |
| 27:11 | Workshop |
| 27:11 | Workshop |
| 27:12 | Workshop |
| 27:20 | Black Gunpowder |
| 27:28 | Workshop |
| 27:47 | Workshop |
| 27:49 | Workshop |
| 27:56 | Farm |
| 27:56 | Farm |
| 28:19 | Bash |
| 28:22 | Siege Engine |
| 28:32 | Refined Gunpowder |
| 28:35 | Farm |
| 28:35 | Farm |
| 28:35 | Farm |
| 28:37 | Farm |
| 28:37 | Farm |
| 28:38 | Siege Engine |
| 28:50 | Farm |
| 28:51 | Farm |
| 28:51 | Farm |
| 28:52 | Farm |
| 28:53 | Farm |
| 29:02 | Siege Engine |
| 29:02 | Siege Engine |
| 29:05 | Farm |
| 29:06 | Farm |
| 29:06 | Farm |
| 29:16 | Siege Engine |
| 29:55 | Siege Engine |
| 30:25 | Imbued Gunpowder |
| Right click | 2241 |
| Select | 851 |
| Select group | 391 |
| Build/train/purchase | 304 |
| Chat | 101 |
| Use ability | 94 |
| Assign group | 12 |
| Minimap ping | 12 |
| Misc. action | 10 |
| Item give/drop | 8 |
| Resource trade | 6 |
| Remove unit | 5 |
| Esc | 1 |



| Staff of Sanctuary | 1 | 250 |
| Scroll of Regeneration | 2 | 200 |
| Staff of Teleportation | 3 | 450 |
| Boots of Speed | 2 | 500 |
| Healing Salve | 4 | 400 |
| Orb of Corruption | 2 | 750 |
| total: | 14 | 2550g |
| Peasant | 27 | 2025 | / | 0 |
| Siege Engine | 2 | 390 | / | 120 |
| Goblin Zeppelin | 2 | 480 | / | 120 |
| total: | 31 | 2895g | / | 240w |
| Scout Tower | 119 | 3570 | / | 2380 |
| Arcane Tower | 3 | 210 | / | 150 |
| Guard Tower | 62 | 4340 | / | 3100 |
| Altar of Kings | 2 | 360 | / | 100 |
| Farm | 10 | 800 | / | 200 |
| Lumber Mill | 1 | 120 | / | 0 |
| Town Hall | 4 | 1540 | / | 820 |
| Arcane Vault | 1 | 130 | / | 30 |
| Blacksmith | 1 | 140 | / | 60 |
| Workshop | 8 | 1120 | / | 1120 |
| Keep | 1 | 320 | / | 210 |
| Castle | 1 | 360 | / | 210 |
| total: | 146 | 7780g | / | 4710w |
| 0:01 | Peasant |
| 0:04 | Altar of Kings |
| 0:07 | Altar of Kings |
| 0:12 | Peasant |
| 0:57 | Peasant |
| 1:06 | Farm |
| 1:07 | Peasant |
| 1:25 | Peasant |
| 1:36 | Scout Tower |
| 1:38 | Peasant |
| 1:55 | Lumber Mill |
| 1:57 | Peasant |
| 2:02 | Farm |
| 2:05 | Arcane Tower |
| 2:07 | Scout Tower |
| 2:09 | Peasant |
| 2:23 | Scout Tower |
| 2:25 | Peasant |
| 2:38 | Farm |
| 2:42 | Scout Tower |
| 2:46 | Scout Tower |
| 2:54 | Arcane Tower |
| 2:57 | Scout Tower |
| 3:01 | Guard Tower |
| 3:03 | Scout Tower |
| 3:05 | Peasant |
| 3:05 | Peasant |
| 3:10 | Scout Tower |
| 3:14 | Guard Tower |
| 3:20 | Peasant |
| 3:24 | Guard Tower |
| 3:38 | Scout Tower |
| 3:39 | Peasant |
| 3:41 | Blizzard |
| 3:46 | Guard Tower |
| 3:47 | Scout Tower |
| 3:48 | Scout Tower |
| 3:51 | Guard Tower |
| 4:06 | Peasant |
| 4:07 | Arcane Tower |
| 4:13 | Scout Tower |
| 4:15 | Scout Tower |
| 4:17 | Peasant |
| 4:22 | Scout Tower |
| 4:28 | Guard Tower |
| 4:30 | Scout Tower |
| 4:57 | Guard Tower |
| 4:58 | Scout Tower |
| 4:59 | Scout Tower |
| 5:01 | Guard Tower |
| 5:03 | Scout Tower |
| 5:11 | Scout Tower |
| 5:16 | Scout Tower |
| 5:17 | Scout Tower |
| 5:20 | Healing Salve |
| 5:28 | Guard Tower |
| 5:29 | Guard Tower |
| 5:32 | Scout Tower |
| 5:32 | Scout Tower |
| 5:33 | Scout Tower |
| 5:34 | Guard Tower |
| 5:35 | Scout Tower |
| 5:36 | Scout Tower |
| 5:37 | Peasant |
| 5:39 | Guard Tower |
| 5:52 | Guard Tower |
| 5:53 | Scout Tower |
| 6:08 | Staff of Teleportation |
| 6:26 | Guard Tower |
| 6:27 | Scout Tower |
| 6:27 | Scout Tower |
| 6:29 | Peasant |
| 6:51 | Scout Tower |
| 6:52 | Scout Tower |
| 6:52 | Scout Tower |
| 6:53 | Scout Tower |
| 6:54 | Guard Tower |
| 7:14 | Guard Tower |
| 7:15 | Guard Tower |
| 7:17 | Scout Tower |
| 7:17 | Scout Tower |
| 7:21 | Scout Tower |
| 7:22 | Scout Tower |
| 7:22 | Scout Tower |
| 7:23 | Scout Tower |
| 7:24 | Guard Tower |
| 7:32 | Peasant |
| 7:55 | Guard Tower |
| 8:08 | Scout Tower |
| 8:09 | Scout Tower |
| 8:30 | Brilliance Aura |
| 8:33 | Guard Tower |
| 8:34 | Guard Tower |
| 8:35 | Guard Tower |
| 8:40 | Guard Tower |
| 8:41 | Scout Tower |
| 8:42 | Scout Tower |
| 8:52 | Scout Tower |
| 8:53 | Scout Tower |
| 8:54 | Scout Tower |
| 8:55 | Scout Tower |
| 9:11 | Guard Tower |
| 9:28 | Guard Tower |
| 9:29 | Guard Tower |
| 9:35 | Town Hall |
| 9:46 | Goblin Zeppelin |
| 10:07 | Scout Tower |
| 10:08 | Scout Tower |
| 10:08 | Scout Tower |
| 10:09 | Scout Tower |
| 10:12 | Scout Tower |
| 10:19 | Guard Tower |
| 10:22 | Guard Tower |
| 10:30 | Keep |
| 10:36 | Guard Tower |
| 10:38 | Guard Tower |
| 10:45 | Guard Tower |
| 10:46 | Guard Tower |
| 10:52 | Healing Salve |
| 10:57 | Scout Tower |
| 10:57 | Scout Tower |
| 10:59 | Improved Masonry |
| 11:07 | Scout Tower |
| 11:25 | Guard Tower |
| 11:46 | Guard Tower |
| 11:46 | Guard Tower |
| 12:51 | Goblin Zeppelin |
| 12:58 | Peasant |
| 12:58 | Peasant |
| 13:14 | Peasant |
| 13:14 | Peasant |
| 13:14 | Peasant |
| 13:23 | Scout Tower |
| 13:23 | Scout Tower |
| 13:24 | Scout Tower |
| 13:25 | Scout Tower |
| 13:26 | Scout Tower |
| 13:26 | Scout Tower |
| 13:29 | Scout Tower |
| 13:29 | Scout Tower |
| 13:30 | Scout Tower |
| 13:31 | Scout Tower |
| 13:44 | Peasant |
| 13:46 | Improved Lumber Harvesting |
| 13:47 | Advanced Masonry |
| 13:56 | Guard Tower |
| 14:12 | Scout Tower |
| 14:14 | Scout Tower |
| 14:15 | Scout Tower |
| 14:15 | Scout Tower |
| 14:21 | Scout Tower |
| 14:22 | Scout Tower |
| 14:24 | Scout Tower |
| 14:24 | Scout Tower |
| 14:29 | Scout Tower |
| 14:29 | Scout Tower |
| 14:30 | Scout Tower |
| 14:45 | Guard Tower |
| 14:47 | Scout Tower |
| 14:55 | Guard Tower |
| 14:59 | Scout Tower |
| 15:01 | Scout Tower |
| 15:01 | Scout Tower |
| 15:08 | Guard Tower |
| 15:09 | Guard Tower |
| 15:13 | Storm Bolt |
| 15:29 | Staff of Sanctuary |
| 15:42 | Guard Tower |
| 15:43 | Guard Tower |
| 15:46 | Scout Tower |
| 15:46 | Scout Tower |
| 15:47 | Scout Tower |
| 15:48 | Scout Tower |
| 15:50 | Scout Tower |
| 15:50 | Scout Tower |
| 16:05 | Scout Tower |
| 16:06 | Scout Tower |
| 16:06 | Scout Tower |
| 16:09 | Orb of Corruption |
| 16:12 | Guard Tower |
| 16:14 | Peasant |
| 16:22 | Guard Tower |
| 16:23 | Guard Tower |
| 16:41 | Guard Tower |
| 16:44 | Scout Tower |
| 16:50 | Scout Tower |
| 16:51 | Scout Tower |
| 16:51 | Scout Tower |
| 16:52 | Scout Tower |
| 16:52 | Guard Tower |
| 17:00 | Staff of Teleportation |
| 17:00 | Boots of Speed |
| 17:25 | Guard Tower |
| 17:27 | Scout Tower |
| 17:28 | Scout Tower |
| 17:28 | Scout Tower |
| 17:31 | Blizzard |
| 17:44 | Castle |
| 18:08 | Guard Tower |
| 18:09 | Scout Tower |
| 18:15 | Scout Tower |
| 18:15 | Scout Tower |
| 18:20 | Peasant |
| 18:20 | Peasant |
| 18:47 | Scout Tower |
| 18:48 | Scout Tower |
| 18:49 | Scout Tower |
| 18:49 | Guard Tower |
| 18:59 | Scout Tower |
| 19:00 | Scout Tower |
| 19:13 | Orb of Corruption |
| 19:18 | Healing Salve |
| 19:20 | Healing Salve |
| 19:56 | Guard Tower |
| 19:56 | Guard Tower |
| 20:09 | Guard Tower |
| 20:10 | Scout Tower |
| 21:09 | Scout Tower |
| 21:10 | Scout Tower |
| 21:15 | Scout Tower |
| 21:32 | Arcane Vault |
| 21:52 | Guard Tower |
| 22:41 | Farm |
| 22:41 | Farm |
| 22:41 | Farm |
| 22:46 | Scout Tower |
| 22:56 | Guard Tower |
| 23:02 | Scroll of Regeneration |
| 23:05 | Scroll of Regeneration |
| 23:12 | Bash |
| 23:14 | Guard Tower |
| 23:19 | Scout Tower |
| 24:38 | Holy Light |
| 25:13 | Staff of Teleportation |
| 25:14 | Boots of Speed |
| 25:20 | Guard Tower |
| 25:22 | Blacksmith |
| 25:30 | Guard Tower |
| 25:46 | Brilliance Aura |
| 26:06 | Scout Tower |
| 26:07 | Scout Tower |
| 26:08 | Scout Tower |
| 26:09 | Scout Tower |
| 26:09 | Scout Tower |
| 26:15 | Town Hall |
| 26:25 | Town Hall |
| 26:42 | Town Hall |
| 26:45 | Storm Bolt |
| 26:57 | Scout Tower |
| 26:58 | Scout Tower |
| 26:58 | Scout Tower |
| 27:40 | Workshop |
| 27:41 | Workshop |
| 27:54 | Workshop |
| 27:54 | Workshop |
| 27:55 | Workshop |
| 27:57 | Workshop |
| 28:56 | Farm |
| 28:57 | Farm |
| 29:06 | Siege Engine |
| 29:11 | Workshop |
| 29:12 | Workshop |
| 29:22 | Farm |
| 29:22 | Farm |
| 30:45 | Siege Engine |
| Right click | 1624 |
| Select | 1139 |
| Select group | 331 |
| Build/train/purchase | 142 |
| Use ability | 95 |
| Assign group | 63 |
| Minimap ping | 17 |
| Misc. action | 14 |
| Chat | 11 |
| Esc | 2 |
| Item give/drop | 1 |
| Remove unit | 1 |
⇛
TIMG4STRok
(30:53) : 

| Healing Salve | 2 | 200 |
| Lesser Clarity Potion | 6 | 420 |
| Orb of Lightning | 1 | 375 |
| Staff of Teleportation | 4 | 600 |
| Boots of Speed | 1 | 250 |
| Circlet of Nobility | 2 | 350 |
| Orb of Corruption | 1 | 375 |
| Staff of Sanctuary | 1 | 250 |
| total: | 18 | 2820g |
| Peon | 12 | 900 | / | 0 |
| Troll Batrider | 9 | 1440 | / | 360 |
| total: | 21 | 2340g | / | 360w |
| Watch Tower | 18 | 1980 | / | 1440 |
| Altar of Storms | 1 | 180 | / | 50 |
| Orc Burrow | 4 | 640 | / | 160 |
| Voodoo Lounge | 2 | 260 | / | 60 |
| War Mill | 1 | 205 | / | 0 |
| Great Hall | 1 | 385 | / | 185 |
| Beastiary | 2 | 290 | / | 280 |
| Stronghold | 1 | 315 | / | 190 |
| Fortress | 1 | 325 | / | 190 |
| total: | 29 | 3940g | / | 2175w |
| 0:03 | Peon |
| 0:03 | Peon |
| 0:05 | Altar of Storms |
| 0:12 | Orc Burrow |
| 0:14 | Orc Burrow |
| 0:59 | Peon |
| 1:07 | Peon |
| 1:18 | Peon |
| 1:29 | Peon |
| 1:29 | Peon |
| 1:50 | Voodoo Lounge |
| 1:54 | War Mill |
| 2:10 | Peon |
| 2:19 | Peon |
| 2:27 | Peon |
| 2:38 | Orc Burrow |
| 2:42 | Peon |
| 3:00 | Wind Walk |
| 3:04 | Voodoo Lounge |
| 3:12 | Peon |
| 3:45 | Stronghold |
| 4:06 | Spiked Barricades |
| 4:20 | Watch Tower |
| 5:25 | Watch Tower |
| 5:25 | Watch Tower |
| 5:37 | Watch Tower |
| 5:48 | Healing Salve |
| 5:48 | Lesser Clarity Potion |
| 5:51 | Lesser Clarity Potion |
| 6:08 | Staff of Teleportation |
| 6:09 | Boots of Speed |
| 6:09 | Circlet of Nobility |
| 6:14 | Fortress |
| 6:37 | Critical Strike |
| 7:04 | Watch Tower |
| 7:40 | Lesser Clarity Potion |
| 7:50 | Beastiary |
| 7:55 | Watch Tower |
| 7:56 | Watch Tower |
| 7:57 | Watch Tower |
| 8:02 | Beastiary |
| 8:06 | Hex |
| 8:48 | Orb of Lightning |
| 9:27 | Troll Batrider |
| 9:28 | Troll Batrider |
| 9:53 | Wind Walk |
| 11:06 | Watch Tower |
| 11:09 | Reinforced Defenses |
| 12:02 | Great Hall |
| 12:10 | Watch Tower |
| 12:11 | Watch Tower |
| 12:15 | Orc Burrow |
| 12:17 | Watch Tower |
| 12:20 | Troll Batrider |
| 12:21 | Liquid Fire |
| 12:46 | Healing Wave |
| 13:38 | Watch Tower |
| 13:39 | Watch Tower |
| 13:39 | Watch Tower |
| 13:40 | Watch Tower |
| 13:53 | Troll Batrider |
| 13:59 | Orb of Corruption |
| 14:09 | Watch Tower |
| 14:19 | Watch Tower |
| 15:23 | Critical Strike |
| 15:56 | Troll Batrider |
| 15:57 | Troll Batrider |
| 16:00 | Lesser Clarity Potion |
| 16:02 | Healing Salve |
| 16:10 | Lesser Clarity Potion |
| 18:02 | Healing Wave |
| 18:22 | Staff of Sanctuary |
| 18:31 | Troll Batrider |
| 18:32 | Troll Batrider |
| 18:47 | Lesser Clarity Potion |
| 20:49 | Troll Batrider |
| 20:53 | Steel Ranged Weapons |
| 21:20 | Staff of Teleportation |
| 21:20 | Staff of Teleportation |
| 24:22 | Wind Walk |
| 24:56 | Thorium Ranged Weapons |
| 24:57 | Steel Armor |
| 26:56 | Staff of Teleportation |
| 26:57 | Circlet of Nobility |
| 26:59 | Serpent Ward |
| 28:27 | Arcanite Ranged Weapons |
| Right click | 1936 |
| Select group | 994 |
| Select | 225 |
| Build/train/purchase | 183 |
| Use ability | 117 |
| Chat | 90 |
| Misc. action | 79 |
| Resource trade | 40 |
| Minimap ping | 20 |
| Assign group | 15 |
| Item give/drop | 6 |
| Esc | 3 |
134 units @ 21.2k
/ 3.6k
81 buildings @ 11.9k
/ 5k


| Lesser Clarity Potion | 1 | 70 |
| Healing Salve | 1 | 100 |
| total: | 2 | 170g |
| Peon | 15 | 1125 | / | 0 |
| Wind Rider | 11 | 2915 | / | 440 |
| Demolisher | 4 | 880 | / | 200 |
| Troll Batrider | 2 | 320 | / | 80 |
| total: | 32 | 5240g | / | 720w |
| Watch Tower | 2 | 220 | / | 160 |
| Orc Burrow | 7 | 1120 | / | 280 |
| Altar of Storms | 2 | 360 | / | 100 |
| War Mill | 1 | 205 | / | 0 |
| Voodoo Lounge | 1 | 130 | / | 30 |
| Barracks | 2 | 360 | / | 100 |
| Beastiary | 2 | 290 | / | 280 |
| Stronghold | 1 | 315 | / | 190 |
| Farm | 2 | 160 | / | 40 |
| Town Hall | 1 | 385 | / | 205 |
| total: | 20 | 3230g | / | 1195w |
| 0:02 | Peon |
| 0:03 | Peon |
| 0:03 | Peon |
| 0:03 | Peon |
| 0:16 | Orc Burrow |
| 0:20 | Altar of Storms |
| 0:56 | Peon |
| 1:11 | Altar of Storms |
| 1:27 | Peon |
| 1:43 | Peon |
| 1:55 | Peon |
| 2:12 | Peon |
| 2:26 | Stronghold |
| 2:29 | Orc Burrow |
| 2:38 | War Mill |
| 3:17 | Hex |
| 4:18 | Voodoo Lounge |
| 4:25 | Watch Tower |
| 5:12 | Reinforced Defenses |
| 5:22 | Peon |
| 5:22 | Peon |
| 5:22 | Peon |
| 5:38 | Beastiary |
| 6:31 | War Stomp |
| 6:57 | Beastiary |
| 6:59 | Wind Rider |
| 7:02 | Peon |
| 7:02 | Peon |
| 7:02 | Peon |
| 7:32 | Watch Tower |
| 7:43 | Wind Rider |
| 7:46 | Orc Burrow |
| 7:49 | Steel Ranged Weapons |
| 7:50 | Lesser Clarity Potion |
| 7:50 | Healing Salve |
| 8:24 | Orc Burrow |
| 8:46 | Wind Rider |
| 8:48 | Wind Rider |
| 9:02 | Wind Rider |
| 9:16 | Wind Rider |
| 9:38 | Wind Rider |
| 10:35 | Wind Rider |
| 11:09 | Wind Rider |
| 11:44 | Wind Rider |
| 12:20 | Wind Rider |
| 12:53 | Barracks |
| 12:58 | Barracks |
| 15:46 | Demolisher |
| 15:46 | Demolisher |
| 15:46 | Demolisher |
| 15:46 | Demolisher |
| 18:41 | Orc Burrow |
| 18:42 | Orc Burrow |
| 18:42 | Orc Burrow |
| 18:45 | Thorium Ranged Weapons |
| 21:19 | Troll Batrider |
| 21:19 | Troll Batrider |
| 25:57 | Farm |
| 28:13 | Farm |
| 28:58 | Town Hall |
| Right click | 1103 |
| Select | 243 |
| Select group | 166 |
| Misc. action | 65 |
| Build/train/purchase | 53 |
| Minimap ping | 22 |
| Use ability | 21 |
| Assign group | 11 |
| Remove unit | 6 |

| Acolyte | 5 | 375 | / | 0 |
| Ghoul | 4 | 480 | / | 0 |
| Crypt Fiend | 7 | 1505 | / | 280 |
| Obsidian Statue | 3 | 600 | / | 105 |
| Meat Wagon | 5 | 1150 | / | 250 |
| Frost Wyrm | 4 | 1540 | / | 480 |
| total: | 28 | 5650g | / | 1115w |
| Nerubian Tower | 2 | 200 | / | 40 |
| Spirit Tower | 1 | 145 | / | 40 |
| Ziggurat | 9 | 1350 | / | 450 |
| Altar of Darkness | 2 | 360 | / | 100 |
| Crypt | 2 | 400 | / | 100 |
| Graveyard | 1 | 215 | / | 0 |
| Tomb of Relics | 1 | 130 | / | 30 |
| Slaughterhouse | 2 | 280 | / | 270 |
| Sacrificial Pit | 1 | 75 | / | 150 |
| Boneyard | 1 | 175 | / | 200 |
| Halls of the Dead | 1 | 320 | / | 210 |
| Black Citadel | 1 | 325 | / | 230 |
| total: | 19 | 2985g | / | 1300w |
| 0:10 | Acolyte |
| 0:10 | Acolyte |
| 0:14 | Ziggurat |
| 0:20 | Altar of Darkness |
| 1:12 | Acolyte |
| 1:17 | Crypt |
| 1:23 | Altar of Darkness |
| 1:30 | Acolyte |
| 2:01 | Ziggurat |
| 2:23 | Graveyard |
| 2:40 | Ghoul |
| 2:40 | Ghoul |
| 2:50 | Tomb of Relics |
| 3:05 | Nerubian Tower |
| 3:29 | Death Coil |
| 3:39 | Nerubian Tower |
| 3:41 | Ghoul |
| 3:51 | Crypt |
| 4:11 | Crypt Fiend |
| 4:20 | Ziggurat |
| 5:12 | Crypt Fiend |
| 5:17 | Spirit Tower |
| 5:44 | Ghoul |
| 5:58 | Halls of the Dead |
| 6:25 | Crypt Fiend |
| 6:37 | Ziggurat |
| 7:26 | Crypt Fiend |
| 7:38 | Ziggurat |
| 7:48 | Ziggurat |
| 8:21 | Slaughterhouse |
| 8:23 | Web |
| 8:31 | Sacrificial Pit |
| 9:11 | Creature Carapace |
| 9:13 | Crypt Fiend |
| 9:31 | Acolyte |
| 10:03 | Black Citadel |
| 10:05 | Crypt Fiend |
| 10:30 | Crypt Fiend |
| 11:00 | Obsidian Statue |
| 11:07 | Meat Wagon |
| 11:41 | Ziggurat |
| 12:28 | Boneyard |
| 12:43 | Ziggurat |
| 13:08 | Improved Creature Carapace |
| 13:08 | Creature Attack |
| 13:46 | Frost Wyrm |
| 14:10 | Ziggurat |
| 15:51 | Frost Wyrm |
| 15:54 | Improved Creature Attack |
| 16:18 | Obsidian Statue |
| 17:39 | Frost Wyrm |
| 17:43 | Obsidian Statue |
| 18:19 | Frost Wyrm |
| 19:21 | Meat Wagon |
| 19:27 | Unholy Strength |
| 19:37 | Slaughterhouse |
| 20:24 | Meat Wagon |
| 20:55 | Meat Wagon |
| 21:02 | Improved Unholy Strength |
| 21:35 | Freezing Breath |
| 22:49 | Meat Wagon |
| Right click | 344 |
| Select group | 255 |
| Select | 187 |
| Chat | 64 |
| Assign group | 51 |
| Build/train/purchase | 44 |
| Use ability | 14 |
| Misc. action | 1 |
| Minimap ping | 1 |


| Peasant | 20 | 1500 | / | 0 |
| Footman | 3 | 405 | / | 0 |
| Rifleman | 7 | 1435 | / | 210 |
| Priest | 8 | 1080 | / | 80 |
| Mortar Team | 12 | 2160 | / | 840 |
| total: | 50 | 6580g | / | 1130w |
| Scout Tower | 1 | 30 | / | 20 |
| Arcane Tower | 1 | 70 | / | 50 |
| Altar of Kings | 1 | 180 | / | 50 |
| Farm | 9 | 720 | / | 180 |
| Barracks | 1 | 160 | / | 60 |
| Blacksmith | 1 | 140 | / | 60 |
| Arcane Vault | 1 | 130 | / | 30 |
| Lumber Mill | 1 | 120 | / | 0 |
| Town Hall | 1 | 385 | / | 205 |
| Arcane Sanctum | 2 | 300 | / | 280 |
| Workshop | 1 | 140 | / | 140 |
| Keep | 1 | 320 | / | 210 |
| Castle | 1 | 360 | / | 210 |
| total: | 19 | 2305g | / | 1025w |
| 0:02 | Peasant |
| 0:02 | Peasant |
| 0:03 | Peasant |
| 0:14 | Altar of Kings |
| 0:58 | Farm |
| 1:02 | Barracks |
| 1:16 | Peasant |
| 1:26 | Farm |
| 1:31 | Peasant |
| 1:40 | Peasant |
| 1:51 | Peasant |
| 2:04 | Footman |
| 2:07 | Peasant |
| 2:16 | Footman |
| 2:34 | Blacksmith |
| 2:41 | Farm |
| 2:49 | Summon Water Elemental |
| 2:52 | Footman |
| 3:25 | Keep |
| 4:12 | Arcane Vault |
| 4:18 | Scout Tower |
| 4:26 | Rifleman |
| 4:28 | Black Gunpowder |
| 4:51 | Arcane Tower |
| 5:32 | Rifleman |
| 5:46 | Peasant |
| 6:06 | Peasant |
| 6:09 | Peasant |
| 6:58 | Peasant |
| 6:58 | Peasant |
| 6:58 | Peasant |
| 7:39 | Peasant |
| 7:39 | Peasant |
| 7:39 | Peasant |
| 8:08 | Peasant |
| 8:08 | Peasant |
| 8:19 | Rifleman |
| 8:21 | Peasant |
| 8:29 | Arcane Sanctum |
| 8:37 | Arcane Sanctum |
| 9:12 | Lumber Mill |
| 9:24 | Farm |
| 9:24 | Farm |
| 10:05 | Farm |
| 10:06 | Farm |
| 10:33 | Workshop |
| 10:37 | Priest |
| 10:38 | Priest |
| 10:39 | Priest |
| 10:55 | Storm Bolt |
| 11:04 | Rifleman |
| 11:30 | Improved Lumber Harvesting |
| 11:35 | Brilliance Aura |
| 11:46 | Mortar Team |
| 11:47 | Mortar Team |
| 11:54 | Priest Adept Training |
| 12:28 | Priest |
| 12:32 | Rifleman |
| 12:33 | Long Rifles |
| 14:10 | Farm |
| 14:11 | Farm |
| 15:16 | Town Hall |
| 15:46 | Mortar Team |
| 15:46 | Mortar Team |
| 15:46 | Mortar Team |
| 16:04 | Castle |
| 17:59 | Rifleman |
| 17:59 | Rifleman |
| 18:00 | Priest |
| 18:00 | Priest |
| 18:13 | Mortar Team |
| 18:14 | Mortar Team |
| 18:46 | Refined Gunpowder |
| 18:49 | Fragmentation Shards |
| 20:08 | Mortar Team |
| 20:08 | Mortar Team |
| 20:17 | Studded Leather Armor |
| 21:11 | Priest |
| 21:12 | Priest |
| 22:02 | Mortar Team |
| 22:02 | Mortar Team |
| 22:02 | Mortar Team |
| Right click | 441 |
| Select | 315 |
| Select group | 218 |
| Misc. action | 166 |
| Build/train/purchase | 90 |
| Assign group | 39 |
| Use ability | 11 |
| Minimap ping | 4 |
| Remove unit | 1 |



| Healing Salve | 1 | 100 |
| Potion of Mana | 1 | 200 |
| Potion of Healing | 1 | 150 |
| total: | 3 | 450g |
| Peon | 11 | 825 | / | 0 |
| Grunt | 3 | 600 | / | 0 |
| Troll Headhunter | 3 | 420 | / | 60 |
| Tauren | 6 | 1680 | / | 480 |
| Demolisher | 1 | 220 | / | 50 |
| total: | 24 | 3745g | / | 590w |
| Watch Tower | 6 | 660 | / | 480 |
| Altar of Storms | 1 | 180 | / | 50 |
| Barracks | 1 | 180 | / | 50 |
| Orc Burrow | 10 | 1600 | / | 400 |
| War Mill | 1 | 205 | / | 0 |
| Voodoo Lounge | 1 | 130 | / | 30 |
| Tauren Totem | 3 | 405 | / | 465 |
| Stronghold | 1 | 315 | / | 190 |
| Fortress | 1 | 325 | / | 190 |
| total: | 23 | 3360g | / | 1475w |
| 0:07 | Altar of Storms |
| 0:13 | Barracks |
| 0:57 | Orc Burrow |
| 1:13 | Peon |
| 1:14 | Peon |
| 1:56 | Peon |
| 2:12 | Orc Burrow |
| 2:21 | Grunt |
| 2:44 | Grunt |
| 2:49 | Chain Lighting |
| 3:05 | War Mill |
| 3:10 | Peon |
| 3:25 | Peon |
| 3:59 | Peon |
| 3:59 | Peon |
| 4:07 | Peon |
| 4:13 | Orc Burrow |
| 4:19 | Orc Burrow |
| 5:05 | Troll Headhunter |
| 5:05 | Troll Headhunter |
| 5:10 | Stronghold |
| 5:36 | Troll Headhunter |
| 6:10 | Grunt |
| 6:18 | Voodoo Lounge |
| 7:38 | Orc Burrow |
| 7:39 | Orc Burrow |
| 7:43 | Tauren Totem |
| 7:48 | Peon |
| 7:48 | Peon |
| 8:03 | Steel Melee Weapons |
| 8:14 | Steel Armor |
| 8:21 | Healing Salve |
| 8:33 | Critical Strike |
| 8:59 | Potion of Mana |
| 9:01 | Potion of Healing |
| 9:46 | Feral Spirit |
| 10:14 | Fortress |
| 10:19 | Steel Ranged Weapons |
| 10:20 | Spiked Barricades |
| 10:21 | Reinforced Defenses |
| 11:50 | Tauren Totem |
| 11:52 | Tauren Totem |
| 12:05 | Watch Tower |
| 12:07 | Watch Tower |
| 12:10 | Watch Tower |
| 12:12 | Watch Tower |
| 12:13 | Watch Tower |
| 12:14 | Watch Tower |
| 12:58 | Thorium Melee Weapons |
| 13:07 | Peon |
| 13:34 | Thorium Armor |
| 13:49 | Endurance Aura |
| 14:27 | Tauren |
| 14:43 | Tauren |
| 16:34 | Tauren |
| 16:49 | Orc Burrow |
| 16:56 | Orc Burrow |
| 16:57 | Orc Burrow |
| 17:06 | Orc Burrow |
| 18:27 | Tauren |
| 19:15 | Demolisher |
| 19:18 | Pulverize |
| 22:11 | Tauren |
| 22:11 | Tauren |
| 23:42 | Wind Walk |
| Right click | 512 |
| Select | 242 |
| Build/train/purchase | 50 |
| Select group | 23 |
| Use ability | 19 |
| Assign group | 12 |
| Misc. action | 9 |
| Item give/drop | 1 |